 Dungeon Crawl Stone Soup version 0.28.0-53-g5a82cb258f (webtiles) character file.

Game seed: 6370485002816233102

1139 safid the Cleaver (level 8, -5/66 HPs)
             Began as a Hill Orc Fighter on Aug 9, 2022.
             Was an Initiate of Beogh.
             Slain by an orc warrior
             ... wielding a +0 glaive
              (7 damage)
             ... on level 6 of the Dungeon.
             The game lasted 00:05:16 (4088 turns).

safid the Cleaver (Hill Orc Fighter)                Turns: 4088, Time: 00:05:17

Health: -5/66      AC: 11    Str: 21    XL:     8   Next: 37%
Magic:  0/8        EV:  5    Int:  8    God:    Beogh [......]
Gold:   223        SH:  0    Dex: 13    Spells: 7/7 levels left

rFire   . . .      SeeInvis .   n - +6 whip of Karma {elec, rPois Dex+3}
rCold   . . .      Faith    .   c - +0 buckler
rNeg    . . .      Spirit   +   z - +0 plate armour
rPois   +          Reflect  .   (no helmet)
rElec   .          Harm     .   (no cloak)
rCorr   .          Rampage  .   (no gloves)
Will    .....                   (no boots)
Stlth   ..........              m - amulet of guardian spirit
HPRegen 0.21/turn               s - +4 ring of slaying
MPRegen 0.11/turn               (no ring)

@: confused
A: no striking features
a: Renounce Religion


You were on level 6 of the Dungeon.
You worshipped Beogh.
Beogh was noncommittal.
You visited 1 branch of the dungeon, and saw 6 of its levels.

You collected 319 gold pieces.
You spent 96 gold pieces at shops.

Inventory:

Hand Weapons
 a - a +0 war axe
 n - the +6 whip of Karma (weapon) {elec, rPois Dex+3}
   (You found it on level 2 of the Dungeon)

   It occasionally discharges a powerful burst of electricity upon striking a
   foe.
   Dex:       It affects your dexterity (+3).
   rPois:     It protects you from poison.
Missiles
 i - 8 poisoned darts (quivered)
 w - 4 throwing nets
 y - 3 silver javelins
Armour
 c - a +0 buckler (worn)
 z - a +0 plate armour (worn)
Jewellery
 m - an amulet of guardian spirit (around neck)
 s - a +4 ring of slaying (left hand)
Wands
 A - a wand of mindburst (13)
 C - a wand of paralysis (12)
Scrolls
 b - 2 scrolls of enchant weapon {unknown}
 e - 4 scrolls of identify {unknown}
 f - 2 scrolls of blinking {unknown}
 g - 2 scrolls of amnesia {unknown}
 h - a scroll of immolation {unknown}
 j - a scroll of noise {unknown}
 r - a scroll of enchant armour {unknown}
 x - a scroll of summoning {unknown}
 B - a scroll of holy word {unknown}
Potions
 d - a potion of might
 k - 5 potions of curing
 l - a potion of brilliance {unknown}
 o - a potion of flight {unknown}
 p - 2 potions of lignification {unknown}
 q - 3 potions of mutation {unknown}
 t - a potion of invisibility {unknown}
 u - 2 potions of heal wounds
 v - a potion of magic {unknown}


   Skills:
 - Level 4.0 Fighting
 + Level 12.1 Axes
 - Level 4.0 Armour
 - Level 4.0 Shields


You had 7 spell levels left.
You didn't know any spells.
Your spell library contained the following spells:

 Spells                   Type           Power      Damage    Failure   Level
 Gell's Gravitas          Tloc           0%         N/A       100%        3
 Lesser Beckoning         Tloc           0%         N/A       100%        3
 Teleport Other           Tloc           0%         N/A       100%        3


Dungeon Overview and Level Annotations

Branches:
Dungeon (6/15)             Temple (0/1) D:5

Altars:
Gozag
Nemelex Xobeh
Qazlal
Sif Muna
Trog

Shops:
D:2 :   D:4 *!((


Message History

You whack the orc!
You kill the orc!
Beogh accepts your kill.
Found a scroll labelled ANIPUMNEMO.
The orc barely misses you.
You see here a +0 short sword.
You whack the orc priest!
Lightning courses through the orc priest!
You kill the orc priest!
Beogh accepts your kill.
Beogh appreciates your killing of a heretic priest.
The orc wizard gestures wildly while chanting.
The orc wizard flickers and vanishes!
Deactivating autopickup; reactivate with Ctrl-A.
The orc hits you with a +0 hand axe.
The orc warrior hits you but does no damage.
Your Axes skill increases to level 12!
You whack the orc! Lightning courses through the orc!
You kill the orc!
Beogh accepts your kill.
You hear some strange, mumbled words.
You are confused.
The orc warrior hits you from afar with a +0 glaive!
Unknown command.
You are too confused!
You are too confused!
You are too confused!
You're too confused to move!
The orc warrior hits you from afar with a +0 glaive!!
Something hits you but does no damage.
The orc warrior hits you with a +0 glaive.
You're too confused to move!
Something hits you.
The orc warrior hits you with a +0 glaive!
* * * LOW HITPOINT WARNING * * *
You whack something! Something hits you but does no damage.
The orc warrior hits you with a +0 glaive!
* * * LOW HITPOINT WARNING * * *
You barely miss the orc warrior. Something hits you but does no damage.
The orc warrior hits you with a +0 glaive!
You die...
Beogh appreciates the orc warrior's killing of a heretic priest.

## #### ..##...##
........## ###
.........# #....
.........###......
........>.<.....#
......{)######..#
..#...)@# #....o#
##....# #....?
##.... #.?...
######


You could see an orc warrior.

Vanquished Creatures
  Sigmund (D:5)
  A wraith (D:5)
  2 water moccasins (D:5)
  A black bear (D:5)
  A bullfrog (D:4)
  A scorpion (D:3)
  An orc priest (D:6)
  2 hounds (D:5)
  2 orc wizards (D:5)
  16 gnolls
  4 adders
  3 dart slugs
  4 orcs
  7 ball pythons
  6 endoplasms
  2 giant cockroaches
  4 goblins
  7 hobgoblins
  A quokka (D:1)
  6 bats
  5 frilled lizards
  8 kobolds
  4 rats
89 creatures vanquished.

Vanquished Creatures (others)
  An orc wizard (D:4)
  2 orcs (D:4)
  A rat (D:3)
4 creatures vanquished.

Grand Total: 93 creatures vanquished

Notes
Turn   | Place    | Note
-------+----------+-------------------------------------------
     0 | D:1      | safid the Hill Orc Fighter began the quest for the Orb.
     0 | D:1      | Reached XP level 1. HP: 19/19 MP: 1/1
   165 | D:1      | Reached XP level 2. HP: 27/27 MP: 2/2
   258 | D:1      | Reached skill level 3 in Axes
   519 | D:1      | Reached XP level 3. HP: 19/33 MP: 3/3
   944 | D:2      | Found an opulent altar of Gozag.
   963 | D:2      | You fall into a shaft and drop 2 floors!
   971 | D:4      | Reached XP level 4. HP: 40/40 MP: 4/4
   992 | D:4      | Found a sparkling altar of Nemelex Xobeh.
  1067 | D:3      | Reached skill level 4 in Axes
  1165 | D:2      | Identified the +6 whip of Karma {elec, rPois Dex+3}
  1168 | D:2      | Found Lauh Iha's Book Emporium.
  1799 | D:3      | Found a faded altar of an unknown god.
  1838 | D:3      | Found a stormy altar of Qazlal.
  1874 | D:3      | Noticed a scorpion
  1878 | D:3      | Killed a scorpion
  1879 | D:3      | Reached skill level 5 in Axes
  1879 | D:3      | Reached XP level 5. HP: 46/46 MP: 5/5
  1909 | D:3      | Found a shimmering blue altar of Sif Muna.
  2239 | D:4      | Found Boh Vobbu's General Store.
  2241 | D:4      | Found Witujauq's Distillery.
  2250 | D:4      | Bought a potion of heal wounds for 60 gold pieces
  2250 | D:4      | Bought a potion of curing for 36 gold pieces
  2259 | D:4      | Reached skill level 6 in Axes
  2259 | D:4      | Reached XP level 6. HP: 47/52 MP: 4/6
  2414 | D:4      | Found Zuomar's Antique Weapon Shoppe.
  2513 | D:4      | Became a worshipper of Beogh the Brigand
  2631 | D:4      | Reached skill level 7 in Axes
  2769 | D:4      | Found Diefoq's Antique Weapon Shoppe.
  2949 | D:5      | Entered Level 5 of the Dungeon
  3013 | D:5      | Found a bloodstained altar of Trog.
  3048 | D:5      | Noticed a black bear
  3059 | D:5      | Killed a black bear
  3060 | D:5      | Reached skill level 8 in Axes
  3114 | D:5      | Reached XP level 7. HP: 55/59 MP: 5/7
  3114 | D:5      | Noticed a wraith
  3126 | D:5      | Killed a wraith
  3127 | D:5      | Reached skill level 9 in Axes
  3328 | D:5      | Reached skill level 10 in Axes
  3492 | D:5      | Found a staircase to the Ecumenical Temple.
  3692 | D:5      | Noticed Sigmund
  3710 | D:5      | Killed Sigmund
  3711 | D:5      | Reached skill level 11 in Axes
  3711 | D:5      | Reached XP level 8. HP: 57/66 MP: 8/8
  4083 | D:6      | Reached skill level 12 in Axes
  4087 | D:6      | HP: 2/66 [orc warrior/+0 glaive (13)]
  4088 | D:6      | Slain by an orc warrior

Illustrated notes

Levels and vault maps discovered:
D:1:      kennysheep_arrival_forest, layout_basic, minmay_misc_feat_rugged,
          interstate_on_off, minmay_hexomino_p4
D:2:      layout_loops_ring, serial_shops, shop, basic_altar,
          roderic_serpentine_path, minivault_5
D:3:      layout_rooms, grunt_qazlal_clouds, led_sif_pool,
          nicolae_ecumenical_pavilion
D:4:      layout_loops_ring, nemelex_diamond_rough_becter, serial_shops,
          nicolae_square_shop, nicolae_take_the_stairs,
          nicolae_shop_competitors_out_of_business, nicolae_lakefront_shop
D:5:      layout_basic, amcnicky_altar_gilded, minmay_temple_entry_butterflies,
          uniq_sigmund
D:6:      layout_rooms, jmf_multi_god_temple, uniq_maggie, uniq_edmund

Skill      XL: |  1  2  3  4  5  6  7  8 |
---------------+-------------------------+-----
Axes           | 3 5 6 8 11 12 | 12.1
Fighting       | 4 |  4.0
Armour         | 4 |  4.0
Shields        | 4 |  4.0

Action                   |  1- 3 |  4- 6 |  7- 9 || total
-------------------------+-------+-------+-------++-------
Melee: War axe           |    78 |     6 |       ||    84
       Whip              |       |    81 |    65 ||   146
Invok: Convert to Beogh  |       |     1 |       ||     1
Armor: Scale mail        |    44 |     2 |       ||    46
       Chain mail        |       |    34 |     3 ||    37
       Plate armour      |       |       |    35 ||    35
Dodge: Dodged            |    47 |    34 |    14 ||    95
Block: Buckler           |    15 |    22 |    15 ||    52
